 Dungeon Crawl Stone Soup version 0.30.0-5-g1a98f26d00 (webtiles) character file.

Game seed: 14284685362729891697

7731 tizbic2 the Blocker (level 11, -2/57 HPs)
             Began as a Vine Stalker Reaver on May 11, 2023.
             Was an Initiate of Gozag.
             Killed by vampiric draining
             ... invoked by a vampire
              (8 damage)
             ... on level 10 of the Dungeon.
             The game lasted 00:37:50 (6535 turns).

tizbic2 the Blocker (Vine Stalker Reaver)           Turns: 6535, Time: 00:37:51

Health: -2/57      AC: 33    Str: 15    XL:     11   Next: 19%
Magic:  0/19       EV:  2    Int: 19    God:    Gozag
Gold:   655        SH: 18    Dex: 20    Spells: 18/19 levels left

rFire   . . .        a - +0 flail (protect)
rCold   . . .        s - +1 tower shield
rNeg    . . .        O - +9 plate armour of Couthrige {Harm rElec Str-3 Int+6}
rPois   .            (no helmet)
rElec   +            u - +0 cloak
rCorr   .            (no gloves)
SInv    +            M - +1 pair of boots {Fly}
Will    +....        o - amulet of magic regeneration Stlth
                     j - +6 ring of dexterity
HPRegen 1.09/turn    B - ring of see invisible
MPRegen 0.56/turn

%: harm (+30% outgoing, +20% incoming), guardian spirit
@: under a protective aura, flying, hasted, very quick
A: fangs 3, regeneration 1, magic shield, antimagic bite, no potion heal 2
a: Renounce Religion, Potion Petition, Call Merchant, Bribe Branch


You were on level 10 of the Dungeon.
You worshipped Gozag.
Gozag was pleased with you.
You visited 2 branches of the dungeon, and saw 11 of its levels.
You also visited: Ossuary.

You collected 1635 gold pieces.
You spent 924 gold pieces at shops.
You paid 56 gold pieces to Gozag.

Inventory:

Hand Weapons
 a - a +0 flail of protection (weapon)
 c - a +0 trident of venom
 p - a +3 morningstar
 w - a +0 sling
 J - a +3 flail
Missiles
 f - 11 javelins
 l - 2 atropa-tipped darts
 C - 6 poisoned darts
Armour
 s - a +1 tower shield (worn)
 u - a +0 cloak (worn)
 H - a +0 plate armour
 M - a +1 pair of boots of flying (worn)
 O - the +9 plate armour of Couthrige (worn) {Harm rElec Str-3 Int+6}
   (You bought it in a shop on level 2 of the Dungeon)

   Str:       It affects your strength (-3).
   Int:       It affects your intelligence (+6).
   rElec:     It insulates you from electricity.
   Harm:      It increases damage dealt and taken.
Magical Staves
 g - a staff of earth
Jewellery
 j - a +6 ring of dexterity (left hand)
 o - an amulet of magic regeneration (around neck)
 B - a ring of see invisible (right hand)
Wands
 b - a wand of polymorph (7)
 i - a wand of acid (18)
 y - a wand of roots (4)
 A - a wand of mindburst (10)
 G - a wand of flame (55)
 N - a wand of charming (9)
Scrolls
 e - a scroll of summoning
 k - 8 scrolls of teleportation
 q - 3 scrolls of magic mapping
 r - 2 scrolls of fear
 t - 2 scrolls of silence
 D - a scroll of vulnerability
 F - a scroll of identify
 L - a scroll of enchant armour
Potions
 h - 2 potions of cancellation
 m - 7 potions of curing
 n - 2 potions of resistance
 v - a potion of lignification {unknown}
 x - 3 potions of magic {unknown}
 z - 3 potions of flight {unknown}
 E - a potion of haste
 I - 2 potions of attraction {unknown}
 K - a potion of invisibility {unknown}


   Skills:
 + Level 6.3 Fighting
 + Level 5.5 Maces & Flails
 - Level 3.9 Polearms
 * Level 7.6 Armour
 - Level 1.9 Dodging
 * Level 8.6 Shields
 - Level 4.8 Spellcasting
 - Level 3.2 Conjurations


You had 18 spell levels left.
You knew the following spells:

 Your Spells              Type           Power      Damage    Failure   Level
a - Kiss of Death         Conj/Necr      40%        2d8       100%        1

Your spell library contained the following spells:

 Spells                   Type           Power      Damage    Failure   Level
 Necrotise                Necr           16%        1d4       100%        1
 Ensorcelled Hibernation  Hex/Ice        8%         N/A       100%        2
 Momentum Strike          Conj/Tloc      20%        3d8       100%        2
 Passwall                 Tmut/Erth      3%         N/A       100%        2
 Hailstorm                Conj/Ice       10%        3d5       100%        3
 Ignite Poison            Fire/Tmut/Pois 4%         N/A       100%        3
 Stone Arrow              Conj/Erth      20%        3d8       100%        3
 Swiftness                Air            4%         N/A       100%        3
 Vampiric Draining        Necr           4%         2d6       100%        3
 Passage of Golubria      Tloc           4%         N/A       100%        4
 Sticky Flame             Conj/Fire      10%        2d3       100%        4
 Agony                    Necr           4%         N/A       100%        5
 Silence                  Hex/Air        2%         N/A       100%        5
 Statue Form              Tmut/Erth      2%         N/A       100%        6
 Ignition                 Fire           2%         3d3       100%        8
 Lehudib's Crystal Spear  Conj/Erth      5%         10d3      100%        8
 Shatter                  Erth           2%         3d6*      100%        9


Dungeon Overview and Level Annotations

Branches:
Dungeon (10/15)            Temple (1/1) D:4            Lair (0/5) D:8
Ossuary (visited)
    Orc: D:9-12

Altars:
Ashenzari
Cheibriados
Dithmenos
Elyvilon
Fedhas
Gozag
Hepliaklqana
Kikubaaqudgha
Makhleb
Nemelex Xobeh
Okawaru
Qazlal
Ru
Sif Muna
Trog
Uskayaw
Vehumet
Wu Jian
Xom
Yredelemnul
Zin
The Shining One

Shops:
D:2 [   D:3 :

Annotations:
D:7 2 transporters, Palms's ghost, novice TrFi


Innate Abilities, Weirdness & Mutations

You have razor-sharp teeth.
Your natural rate of healing is unusually fast.
When hurt, damage is shared between your health and your magic reserves.
Your bite disrupts and absorbs the magic of your enemies.
Potions cannot restore your health.


Message History

* * * LOW HITPOINT WARNING * * *
The vampire bites you but does no damage.
You bump into the rock wall.
The vampire hits you but does no damage.
The vampire bites you but does no damage.
Things that are here:
20 gold pieces; a +0 giant spiked club; a +0 giant club You bump into the rock wall.
The vampire hits you but does no damage.
The vampire bites you but does no damage.
You hit the vampire but do no damage. You bite the vampire, but do no damage.
The vampire is heavily damaged.
The vampire hits you but does no damage.
The vampire bites you but does no damage.
You hit the vampire but do no damage. Your bite misses the vampire.
The vampire is moderately damaged.
The vampire hits you but does no damage.
The vampire bites you but does no damage.
You closely miss the vampire. You bite the vampire.
The vampire's magic leaks into the air.
You drain its magic.
You feel invigorated.
The vampire is heavily damaged.
You feel less confused. You block the vampire's attack. The vampire bites you.
* * * LOW HITPOINT WARNING * * *
The vampire draws strength from your injuries!
You hit the vampire.
The vampire is moderately damaged.
You block the vampire's attack. x2
You hit the vampire. You bite the vampire, but do no damage.
The vampire is heavily damaged.
The vampire's magic is no longer disrupted.
You block the vampire's attack. The vampire bites you!
* * * LOW HITPOINT WARNING * * *
The vampire draws strength from your injuries!
You sock the vampire! You bite the vampire, but do no damage.
The vampire is severely damaged.
The vampire draws life force from you!
You die...
Your body crumbles into a pile of gold.

....#
.....# #
...... #.
......##.
..?......
........#
........#
#./@##
###V.###
###.<#
##..#
###.# ##


You could see a vampire (invisible).

Vanquished Creatures
  3 two-headed ogres
  Pikel (D:4)
  An unseen horror (D:7)
  Sigmund (D:3)
  A vampire (D:9)
  8 yaks
  Grum (D:9)
  A steam dragon (D:9)
  2 wargs (D:8)
  3 water moccasins
  An ice beast (D:8)
  4 orc warriors
  2 black bears
  An ogre (D:5)
  2 wolves (D:9)
  A centaur (D:8)
  A phantom (D:5)
  5 bullfrogs
  4 scorpions
  8 wights (D:9)
  5 howler monkeys
  Crazy Yiuf (D:3)
  A hound (D:5)
  6 orc priests
  A sleepcap (D:7)
  Terence (D:3)
  2 iguanas
  6 orc wizards
  8 mummies (Ossuary)
  4 gnolls (D:8)
  10 adders
  A shadow imp (D:6)
  A white imp (D:5)
  4 dart slugs
  20 orcs
  5 endoplasms
  2 giant cockroaches
  8 goblins
  10 hobgoblins
  3 quokkas
  11 ball pythons
  4 bats
  A frilled lizard (D:2)
  3 hobgoblin zombies (Ossuary)
  5 kobolds
  2 kobold zombies (Ossuary)
  3 orc zombies (Ossuary)
  A rat (D:2)
180 creatures vanquished.

Notes
Turn   | Place    | Note
-------+----------+-------------------------------------------
     0 | D:1      | tizbic2 the Vine Stalker Reaver began the quest for the
                  | Orb.
     0 | D:1      | Reached XP level 1. HP: 11/11 MP: 4/4
   212 | D:1      | Reached XP level 2. HP: 15/15 MP: 6/6
   485 | D:1      | Reached XP level 3. HP: 18/18 MP: 5/7
   781 | D:2      | Found a faded altar of an unknown god.
   961 | D:2      | Found Teoppiumm's Antique Armour Emporium.
  1200 | D:3      | Found Woijie Geoph's Vocational Training.
  1228 | D:3      | Noticed Sigmund
  1235 | D:3      | Gained mutation: Your natural rate of healing is unusually
                  | fast. [Vine Stalker growth]
  1235 | D:3      | Reached XP level 4. HP: 4/23 MP: 2/9
  1504 | D:3      | Reached skill level 1 in Shields
  1633 | D:3      | Killed Sigmund
  1634 | D:3      | Reached skill level 1 in Armour
  1634 | D:3      | Reached skill level 2 in Shields
  1634 | D:3      | Reached XP level 5. HP: 16/27 MP: 5/10
  1634 | D:3      | Reached XP level 6. HP: 19/32 MP: 5/11
  1693 | D:2      | Bought a tower shield for 112 gold pieces
  1785 | D:3      | Noticed Terence
  1866 | D:3      | Killed Terence
  1918 | D:3      | Found a runed translucent door.
  1919 | D:3      | Noticed Crazy Yiuf
  1924 | D:3      | Killed Crazy Yiuf
  2044 | D:4      | Noticed Pikel
  2063 | D:4      | Killed Pikel
  2064 | D:4      | Reached skill level 1 in Maces & Flails
  2064 | D:4      | Reached skill level 3 in Shields
  2064 | D:4      | Reached XP level 7. HP: 15/36 MP: 3/13
  2091 | D:4      | Found a staircase to the Ecumenical Temple.
  2101 | Temple   | Entered the Ecumenical Temple
  2482 | Temple   | Became a worshipper of Gozag Ym Sagoz the Greedy
  2925 | D:4      | Gained mutation: You have razor-sharp teeth. [Vine Stalker
                  | growth]
  2925 | D:4      | Reached XP level 8. HP: 16/40 MP: 15/15
  3045 | D:5      | Entered Level 5 of the Dungeon
  3158 | D:5      | Reached skill level 4 in Shields
  3347 | D:5      | Got the Vellum of Ruinous Silt
  3601 | D:5      | Found a hazy altar of Hepliaklqana.
  3650 | D:6      | Reached skill level 5 in Shields
  3724 | D:6      | Reached XP level 9. HP: 45/45 MP: 17/17
  4069 | D:7      | You fall into a shaft and drop 2 floors!
  4267 | D:8      | Reached skill level 5 in Armour
  4379 | D:8      | Found a sand-covered staircase.
  4389 | D:8      | Reached skill level 6 in Shields
  4431 | Ossuary  | Entered an ossuary
  4737 | D:7      | Found a transporter.
  4743 | D:7      | Found a transporter.
  4746 | D:7      | Noticed a troll
  4747 | D:7      | Noticed Palms's ghost (novice TrFi)
  4748 | D:7      | Found a bloodstained altar of Trog.
  4761 | D:7      | Noticed a moth of wrath
  4934 | D:7      | Noticed an unseen horror
  4950 | D:7      | Killed an unseen horror
  4951 | D:7      | Reached skill level 5 in Fighting
  5008 | D:7      | Reached XP level 10. HP: 51/51 MP: 18/18
  5021 | D:7      | Reached skill level 7 in Shields
  5266 | D:2      | Bought a pair of boots for 112 gold pieces
  5266 | D:2      | Bought a polished plate armour for 700 gold pieces
  5266 | D:2      | Identified the +9 plate armour of Couthrige {Harm rElec
                  | Str-3 Int+6} (You bought it in a shop on level 2 of the
                  | Dungeon)
  5578 | D:8      | Found a staircase to the Lair.
  5712 | D:8      | Found a sacrificial altar of Ru.
  5712 | D:8      | Found a snail-covered altar of Cheibriados.
  5712 | D:8      | Found a radiant altar of Vehumet.
  5717 | D:8      | Found a shimmering altar of Xom.
  5964 | D:9      | Noticed Grum
  6020 | D:9      | Noticed a two-headed ogre
  6030 | D:9      | Killed a two-headed ogre
  6031 | D:9      | Reached skill level 5 in Maces & Flails
  6036 | D:9      | Killed Grum
  6037 | D:9      | Reached skill level 8 in Shields
  6041 | D:9      | Noticed a two-headed ogre
  6046 | D:9      | Killed a two-headed ogre
  6047 | D:9      | Reached XP level 11. HP: 56/56 MP: 19/19
  6491 | D:10     | Entered Level 10 of the Dungeon
  6493 | D:10     | Noticed a two-headed ogre
  6511 | D:10     | Killed a two-headed ogre
  6535 | D:10     | Killed from afar by a vampire

Illustrated notes

Levels and vault maps discovered:
D:1:      dpeg_arrival_stone_temple_mockup, layout_loops_ring
D:2:      layout_rooms, serial_shops, shop, dreamdust_ecumenical_altar_grove
D:3:      layout_basic, nicolae_shop_vocational, uniq_sigmund,
          uniq_crazy_yiuf_cottage, uniq_terence
D:4:      minmay_diamond_boxcup, layout_loops_corners,
          minmay_temple_entry_stoned_glass, uniq_pikel
D:5:      layout_basic, kennysheep_mini_moat, serial_rivers,
          chequers_serial_rivers_room_a, chequers_serial_rivers_small_3,
          chequers_serial_rivers_small_a, chequers_serial_rivers_small_b
D:6:      layout_rooms
D:7:      layout_basic, enter_bailey_2, gammafunk_ghost_wrathful_warriors
D:8:      layout_loops_cross, minitemple, erik_lair_orcish_takeover,
          lightli_ossuary_entry_decrepit_ruins
D:9:      layout_basic, uniq_grum
D:10:     layout_cave_pods
Temple:   sentei_temple_godly_chess

Skill      XL: |  1  2  3  4  5  6  7  8  9 10 |
---------------+-------------------------------+-----
Fighting       | 2 3 4 5 6 |  6.3
Polearms       | 3 |  3.9
Shields        | 2 3 5 6 8 |  8.6
Armour         | 1 2 4 5 7 |  7.6
Spellcasting   | 3 4 |  4.8
Maces & Flails | 1 2 4 5 |  5.5
Dodging        | |  1.9
Conjurations   | |  3.2

Action                     |  1- 3 |  4- 6 |  7- 9 | 10-12 || total
---------------------------+-------+-------+-------+-------++-------
  Melee: Spear             |   101 |    27 |       |       ||   128
         Bite              |    20 |    24 |    91 |    74 ||   209
         Punch             |     1 |     1 |       |       ||     2
         Staff             |       |    37 |       |       ||    37
         Morningstar       |       |    19 |   296 |    27 ||   342
         Flail             |       |       |     1 |   130 ||   131
         Trident           |       |       |       |    49 ||    49
   Fire: Sling             |       |       |       |     2 ||     2
   Cast: Kiss of Death     |     1 |       |       |       ||     1
    Use: Scroll            |     1 |     3 |     8 |     6 ||    18
         Potion            |       |     2 |     1 |     2 ||     5
 Armour: Ring mail         |    37 |    11 |       |       ||    48
         Skin              |       |     8 |       |       ||     8
         Scale mail        |       |     1 |    84 |       ||    85
         Plate armour      |       |       |    53 |   103 ||   156
  Dodge: Dodged            |    31 |    27 |    65 |    18 ||   141
  Block: Tower shield      |       |    30 |   292 |   183 ||   505
